 Dungeon Crawl Stone Soup version 0.31-a0-1074-g0b22e4e0f1 (webtiles) character file.

Game seed: 7989905918361050164

252 wildpjah the Ducker (level 5, 0/42 HPs)
             Began as a Demonspawn Gladiator on Nov 26, 2023.
             Was an Initiate of Gozag.
             Slain by an orc warrior
             ... wielding a +0 war axe
              (13 damage)
             ... on level 4 of the Dungeon.
             The game lasted 00:05:13 (3222 turns).

wildpjah the Ducker (Demonspawn Gladiator)          Turns: 3222, Time: 00:05:16

Health: 0/42       AC:  7    Str: 21    XL:     5   Next: 89%
Magic:  5/5        EV: 10    Int: 12    God:    Gozag
Gold:   447        SH:  7    Dex: 14    Spells: 4/4 levels left

rFire   . . .        u - +8 long sword of Anuph {heavy, Drain *Slow rN+++ Stlth+}
rCold   . . .        w - +0 kite shield
rNeg    + + +        v - +0 ring mail of the Valley of Death {Will+ Str+4 Int+3}
rPois   .            c - +0 helmet
rElec   .            (no cloak)
rCorr   .            t - +0 pair of gloves
SInv    .            (no boots)
Will    +....        (no amulet)
Stlth   ++           (no ring)
HPRegen 0.27/turn    (no ring)
MPRegen 0.09/turn

%: slow self (1%)
@: no status effects
A: hooves 1, spiny 1
a: Renounce Religion, Potion Petition, Call Merchant, Bribe Branch


You were on level 4 of the Dungeon.
You worshipped Gozag.
Gozag was aware of your devotion.
You visited 1 branch of the dungeon, and saw 4 of its levels.

You collected 483 gold pieces.
You paid 36 gold pieces to Gozag.

Inventory:

Hand Weapons
 a - a +0 war axe
 u - the +8 long sword of Anuph (weapon) {heavy, Drain *Slow rN+++ Stlth+}
   (You took it off an orc on level 4 of the Dungeon)

   rN+++:     It renders you almost immune to negative energy.
   Drain:     It drains your maximum health when unequipped.
   *Slow:     It may slow you when you take damage.
   Stlth+:    It makes you more stealthy.
Missiles
 d - a throwing net (quivered)
 e - a javelin
 i - 4 boomerangs
Armour
 b - a +0 leather armour
 c - a +0 helmet (worn)
 f - a +0 scale mail
 t - a +0 pair of gloves (worn)
 v - the +0 ring mail of the Valley of Death (worn) {Will+ Str+4 Int+3}
   (You found it on level 4 of the Dungeon)

   Str+4:     It affects your strength (+4).
   Int+3:     It affects your intelligence (+3).
   Will+:     It increases your willpower.
 w - a +0 kite shield (worn)
Scrolls
 h - 2 scrolls of immolation {unknown}
 j - 3 scrolls of teleportation {unknown}
 k - 8 scrolls of identify {unknown}
 m - a scroll of revelation {unknown}
 n - a scroll of acquirement {unknown}
 o - a scroll of poison {unknown}
 s - a scroll of fog {unknown}
 x - a scroll of vulnerability {unknown}
Potions
 g - 3 potions of might {unknown}
 l - a potion of degeneration {unknown}
 p - a potion of enlightenment {unknown}
 q - a potion of heal wounds {unknown}
 r - a potion of curing {unknown}


   Skills:
 * Level 3.7 Fighting
 * Level 0.5 Long Blades
 - Level 2.6 Axes
 - Level 2.0 Throwing
 * Level 2.8 Armour
 + Level 3.8 Dodging
 + Level 1.0 Stealth


You had 4 spell levels left.
You didn't know any spells.
Your spell library contained the following spells:

 Spells                   Type           Power      Damage    Failure   Level
 Kiss of Death            Conj/Necr      0%         2d5       82%         1
 Lesser Beckoning         Tloc           0%         N/A       91%         2
 Wereblood                Tmut           0%         N/A       91%         2
 Confusing Touch          Hex            0%         N/A       99%         3
 Gell's Gravitas          Tloc           0%         N/A       99%         3
 Teleport Other           Tloc           0%         N/A       99%         3
 Dispel Undead            Necr           0%         3d6       100%        4
 Irradiate                Conj/Tmut      0%         3d11      100%        5


Dungeon Overview and Level Annotations

Branches:
Dungeon (4/15)
 Temple: D:4-7

Altars:
Gozag


Innate Abilities, Weirdness & Mutations

You have large cloven feet.
You are partially covered in sharp spines.


Message History

An orc wizard comes into view. It is wielding a +4 dagger.
You hit the orc warrior. Your kick misses the orc warrior.
The orc warrior is lightly wounded.
The orc warrior is struck by your spines.
The orc warrior hits you with a +0 war axe!
The orc wizard mumbles some strange words.
The orc wizard flickers and vanishes!
Deactivating autopickup; reactivate with Ctrl-A.
The orc warrior hits you with a +0 war axe.
An orc comes into view. It is wielding a +0 hand axe.
The orc shouts!
You hear a shout!
You slash the orc warrior!
The orc warrior is severely wounded.
An orc comes into view. It is wielding a +0 whip.
The orc warrior hits you with a +0 war axe!
You block the orc warrior's attack.
The orc warrior hits you with a +0 war axe!
* * * LOW HITPOINT WARNING * * *
Throw: 2 throwing nets
Press: ? - help, Q - select action, (/) - cycle Shift-Dir - straight line, f - orc warrior
Aim: an orc warrior, wielding a +0 war axe and wearing a +0 chain mail (severely wounded, 53% to hit)
You throw a throwing net. The throwing net hits the orc warrior.
The orc warrior is caught in the net!
The orc warrior is severely wounded.
The orc warrior struggles against the net.
You hit the orc warrior but do no damage.
You kick the orc warrior.
The orc warrior is almost dead.
The orc warrior struggles against the net. x2
You hit the orc warrior but do no damage.
The orc warrior is almost dead.
The orc warrior struggles against the net. x2
You hit the orc warrior.
You kick the orc warrior, but do no damage.
The orc warrior is almost dead.
The orc warrior struggles against the net.
The net rips apart, and the orc warrior comes free!
The orc warrior hits you with a +0 war axe!
You die...
Your body crumbles into a pile of gold.

### .o#
#o# #{#
#o#
#@####
#....#
#.##.#
#.##.#
..##.#
#####.#
#.# #.#
#.#


You could see an orc warrior and 2 orcs.

Vanquished Creatures
  3 iguanas (D:4)
  5 gnolls
  2 adders (D:3)
  A worm (D:4)
  4 dart slugs
  7 orcs
  10 ball pythons
  8 bats
  6 endoplasms
  10 hobgoblins
  11 jackals
  3 kobolds
  2 quokkas
  3 frilled lizards (D:1)
  8 goblins
  6 rats
89 creatures vanquished.

Notes
Turn   | Place    | Note
-------+----------+-------------------------------------------
     0 | D:1      | wildpjah the Demonspawn Gladiator began the quest for the
                  | Orb.
     0 | D:1      | Reached XP level 1. HP: 16/16 MP: 1/1
    91 | D:1      | Gained mutation: You have large cloven feet. [demonic
                  | ancestry]
    91 | D:1      | Reached XP level 2. HP: 11/22 MP: 2/2
   376 | D:1      | Gained mutation: You are partially covered in sharp spines.
                  | [demonic ancestry]
   376 | D:1      | Reached XP level 3. HP: 27/28 MP: 3/3
   887 | D:2      | Reached skill level 1 in Armour
   888 | D:2      | Reached XP level 4. HP: 7/34 MP: 4/4
  1256 | D:2      | Found an opulent altar of Gozag.
  1263 | D:2      | Became a worshipper of Gozag Ym Sagoz the Greedy
  2028 | D:3      | Found a faded altar of an unknown god.
  2124 | D:3      | Reached XP level 5. HP: 41/41 MP: 5/5
  2897 | D:4      | Identified the +8 long sword of Anuph {heavy, Drain *Slow
                  | rN+++ Stlth+}
  2936 | D:4      | Identified the +0 ring mail of the Valley of Death {Will+
                  | Str+4 Int+3}
  3089 | D:4      | Reached skill level 1 in Stealth
  3213 | D:4      | Noticed an orc warrior
  3222 | D:4      | Slain by an orc warrior

Illustrated notes

Levels and vault maps discovered:
D:1:      dpeg_arrival_tiny_j, layout_basic, supply_closet_lemuel,
          minmay_misc_feat_encased
D:2:      layout_basic, basic_altar
D:3:      layout_basic, hellmonk_ecumenical_altar_run_dry, corexii_corridor_pit,
          st_stairs_3
D:4:      layout_loops_ring, st_stairs_12

Skill      XL: |  1  2  3  4  5 |
---------------+----------------+-----
Dodging        | 3 |  3.8
Armour         | 1 2 |  2.8
Throwing       | 2 |  2.0
Fighting       | 3 |  3.7
Stealth        | 1 |  1.0
Long Blades    | |  0.5
Axes           | |  2.6

Action                     |  1- 3 |  4- 6 || total
---------------------------+-------+-------++-------
  Melee: War axe           |    61 |    59 ||   120
         Kick              |     7 |    12 ||    19
         Punch             |     1 |       ||     1
         Long sword        |       |    16 ||    16
  Throw: Boomerang         |    11 |       ||    11
         Throwing net      |     1 |     1 ||     2
         Javelin           |     1 |       ||     1
   Stab: Held in net/web   |     1 |       ||     1
         Distracted        |       |     1 ||     1
 Armour: Leather armour    |    10 |       ||    10
         Scale mail        |    46 |    44 ||    90
         Ring mail         |       |    13 ||    13
  Dodge: Dodged            |    39 |    42 ||    81
  Block: Kite shield       |       |     2 ||     2

Table legend: (Time is in decaauts)
 A = Elapsed time spent in this place.
 B = Non-inter-level travel time spent in this place.
 C = Inter-level travel time spent in this place.
 D = Time resting spent in this place.
 E = Time spent auto-exploring this place.
 F = Levels seen in this place.
 G = Mean time per level.
                   A        B        C        D        E       F      G
               +--------+--------+--------+--------+--------+-----+--------+
         Total |   3286 |   3205 |     81 |      0 |   2697 |   4 |  821.5 |
       Dungeon |   3286 |   3205 |     81 |      0 |   2697 |   4 |  821.5 |
               +--------+--------+--------+--------+--------+-----+--------+

Top non-repeatable levels by time:
     D:3: 962 daAuts
     D:2: 958 daAuts
     D:1: 768 daAuts
     D:4: 597 daAuts
